 Dungeon Crawl Stone Soup version 0.29-a0-330-g52719c12eb (webtiles) character file.

Game seed: 11342083091749088975

63 kae the Ruffian (level 3, -2/28 HPs)
             Began as a Draconian Transmuter on May 18, 2022.
             Slain by a hobgoblin
             ... wielding the +8 trident "Meusch" {vorpal, Str+3 Int+4}
              (4 damage)
             ... on level 2 of the Dungeon.
             The game lasted 00:01:08 (1442 turns).

kae the Ruffian (Draconian Transmuter)              Turns: 1442, Time: 00:01:09

Health: -2/28      AC:  6    Str:  9 (12) XL:     3   Next: 87%
Magic:  5/6        EV: 12    Int: 15      God:
Gold:   77         SH:  0    Dex:  9 (11) Spells: 1/7 levels left

rFire   . . .      SeeInvis .     - Unarmed
rCold   . . .      Faith    .   (no shield)
rNeg    . . .      Spirit   .   (body armour unavailable)
rPois   .          Reflect  .   (helmet currently unavailable)
rElec   .          Harm     .   b - +0 cloak
rCorr   .          Rampage  .   (no gloves)
Will    .....                   (boots currently unavailable)
Stlth   +.........              (no amulet)
HPRegen 0.09/turn               (no ring)
MPRegen 0.10/turn               (no ring)

@: appendages
A: horns 2, talons 2, AC +5, unfitting armour, cold-blooded
a: End Transformation


You were on level 2 of the Dungeon.
You had temporarily grown beastly horns and talons.
You visited 1 branch of the dungeon, and saw 2 of its levels.

You collected 77 gold pieces.

Inventory:

Armour
 b - a +0 cloak (worn)
Wands
 a - a wand of charming (10)
Scrolls
 e - a scroll of identify {unknown}
 f - a scroll of vulnerability {unknown}


   Skills:
 - Level 1.1 Fighting
 - Level 1.8 Dodging
 + Level 3.5 Unarmed Combat
 + Level 2.6 Spellcasting
 * Level 3.2 Transmutations


You had one spell level left.
You knew the following spells:

 Your Spells              Type           Power      Damage    Failure   Level
a - Beastly Appendage     Tmut           22%        N/A       5%          1
b - Wereblood             Tmut           11%        N/A       9%          2
c - Spider Form           Tmut/Pois      6%         N/A       32%         3

Your spell library contained the following spells:

 Spells                   Type           Power      Damage    Failure   Level
 Ice Form                 Ice/Tmut       6%         N/A       71%         4


Dungeon Overview and Level Annotations

Branches:
Dungeon (2/15)

Altars:

Annotations:
D:2 Sigmund


Innate Abilities, Weirdness & Mutations

You have temporarily grown beastly horns and talons.
Your plain brown scales are hard. (AC +5)
You cannot fit into any form of body armour.
You are cold-blooded and may be slowed by cold attacks.


Message History

No target in view!
No target in view!
Your transformation is almost over.
Things that are here:
a +0 short sword; a kobold corpse You now have 77 gold pieces (gained 7).
a - a wand of charming (10)
A hobgoblin is nearby!
A hobgoblin is nearby!
Your horns disappear.
Your talons disappear.
The hobgoblin throws a stone.
The stone misses you.
Casting: Beastly Appendage (safe; 5% risk of failure)
Confirm with . or Enter, or press ? or * to list all spells.
You grow a pair of large bovine horns.
Your feet morph into talons.
The hobgoblin hits you from afar with the +8 trident "Meusch" {vorpal, Str+3 Int+4}.
The hobgoblin barely misses you.
The hobgoblin hits you with the +8 trident "Meusch" {vorpal, Str+3 Int+4}!
You are too injured to fight recklessly!
You are too injured to fight recklessly!
You are too injured to fight recklessly!
You are too injured to fight recklessly!
You are too injured to fight recklessly!
You closely miss the hobgoblin. Your headbutt misses the hobgoblin.
The hobgoblin hits you with the +8 trident "Meusch" {vorpal, Str+3 Int+4}!
* * * LOW HITPOINT WARNING * * *
x2 You hit the hobgoblin.
Your kick misses the hobgoblin.
You headbutt the hobgoblin, but do no damage.
Your tail-slap misses the hobgoblin.
The hobgoblin is moderately wounded.
The hobgoblin misses you.
You hit the hobgoblin but do no damage.
You claw the hobgoblin, but do no damage.
The hobgoblin is moderately wounded.
You aren't carrying any potions.
You hit the hobgoblin.
You claw the hobgoblin, but do no damage.
Your headbutt misses the hobgoblin.
Your tail-slap misses the hobgoblin.
The hobgoblin is heavily wounded.
The hobgoblin hits you with the +8 trident "Meusch" {vorpal, Str+3 Int+4}.
You die...

......## # # .. ...... .......# #
..#......# .......##.#.
....##.#.### ...>...##.#.##
#...##.....# .......##......
#..).....#.## .......###....###
#...........#
..........(.....##...##..#...##
.......####.....#....##..<....###
...##...###.....@g.# ##..#.#....
...#......$.....#### #.....####
...#............# #......#
.#.#............# #.....g...
##.#........)...# #..........[
#.#####.##.##...# #.....{.....
#..#####....###..# #..........#
.................# #..........#
##.#####........... ............


You could see a hobgoblin.

Vanquished Creatures
  Terence (D:2)
  2 adders (D:2)
  A giant cockroach (D:1)
  A goblin (D:2)
  A hobgoblin (D:2)
  4 jackals (D:1)
  3 kobolds (D:2)
  3 ball pythons (D:2)
  2 bats
  A frilled lizard (D:1)
  2 rats (D:2)
21 creatures vanquished.

Notes
Turn   | Place    | Note
-------+----------+-------------------------------------------
     0 | D:1      | kae the Draconian Transmuter began the quest for the Orb.
     0 | D:1      | Reached XP level 1. HP: 16/16 MP: 3/3
   322 | D:1      | Found a faded altar of an unknown god.
   528 | D:1      | Reached XP level 2. HP: 23/23 MP: 3/5
   531 | D:1      | Learned a level 2 spell: Wereblood
   696 | D:2      | Noticed Sigmund
   986 | D:2      | Noticed Terence
  1017 | D:2      | Killed Terence
  1018 | D:2      | Reached XP level 3. HP: 7/28 MP: 6/6
  1292 | D:2      | Learned a level 3 spell: Spider Form
  1433 | D:2      | Identified the +8 trident "Meusch" {vorpal, Str+3 Int+4}
  1442 | D:2      | Slain by a hobgoblin

Illustrated notes

Levels and vault maps discovered:
D:1:      dpeg_arrival_more_subterranean_lakeside_camping, layout_loops_ring,
          shapermc_ecumenical_altar_petra
D:2:      layout_rooms, palyth_stone_intersect, minmay_tall_x, uniq_sigmund,
          uniq_terence

Skill      XL: |  1  2 |
---------------+-------+-----
Transmutations | 3 |  3.2
Fighting       | |  1.1
Dodging        | |  1.8
Unarmed Combat | |  3.5
Spellcasting   | |  2.6

Action                   || total
-------------------------++-------
Melee: Unarmed           ||    86
       Tailslap          ||     7
       Kick              ||     8
       Headbutt          ||     5
 Cast: Beastly Appendage ||    10
       Spider Form       ||     1
  Use: Potion            ||     3
Armor: Skin              ||    37
Dodge: Dodged            ||    49

Table legend: (Time is in decaauts)
 A = Elapsed time spent in this place.
 B = Non-inter-level travel time spent in this place.
 C = Inter-level travel time spent in this place.
 D = Time resting spent in this place.
 E = Time spent auto-exploring this place.
 F = Levels seen in this place.
 G = Mean time per level.
                   A        B        C        D        E       F      G
               +--------+--------+--------+--------+--------+-----+--------+
         Total |   1438 |   1367 |     71 |    403 |    763 |   2 |  719.0 |
       Dungeon |   1438 |   1367 |     71 |    403 |    763 |   2 |  719.0 |
               +--------+--------+--------+--------+--------+-----+--------+

Top non-repeatable levels by time:
     D:1: 723 daAuts
     D:2: 715 daAuts
